 Dungeon Crawl Stone Soup version 0.27-a0-1555-g0e7b3fb1d2 (webtiles) character file.

Game seed: 6246309018148543995

401 robertstho the Magician (level 7, -9/49 HPs)
             Began as a Djinni Fire Elementalist on July 14, 2021.
             Mangled by an ogre (21 damage)
             ... on level 5 of the Dungeon.
             The game lasted 00:06:17 (5535 turns).

robertstho the Magician (Djinni Fire Elementalist)  Turns: 5535, Time: 00:06:18

Health: -9/49      AC:  3    Str:  7    XL:     7   Next: 11%
Gold:   123        EV: 12    Int: 18    God:
                   SH:  0    Dex: 14

rFire    + + .     SeeInvis .   h - +0 dagger
rCold    . . .     Faith    .   (no shield)
rNeg     . . .     Spirit   .   a - +0 robe
rPois    ∞         Reflect  .   (no helmet)
rElec    .         Harm     .   o - +0 cloak
rCorr    .         Rampage  .   (no gloves)
Will     .....                  (boots unavailable)
Stlth    ++........             k - amulet of regeneration
HPRegen  1.16/turn              n - ring of protection from cold
MPRegen  0.00/turn              (no ring)

@: flying
A: sickness immunity, fire resistance 2, cold vulnerability 1, float, innate
caster, hp casting, extra vitality 1
a: no special abilities


You were on level 5 of the Dungeon.
You visited 1 branch of the dungeon, and saw 5 of its levels.

You collected 123 gold pieces.

Inventory:

Hand Weapons
 h - a +0 dagger (weapon)
Armour
 a - a +0 robe (worn)
 o - a +0 cloak (worn)
Jewellery
 k - an amulet of regeneration (around neck)
 n - a ring of protection from cold (left hand)
Scrolls
 b - 2 scrolls of magic mapping {unknown}
 c - a scroll of acquirement {unknown}
 d - 3 scrolls of enchant armour {unknown}
 e - 2 scrolls of identify {unknown}
 f - a scroll of noise {unknown}
 g - a scroll of immolation {unknown}
 i - a scroll of vulnerability {unknown}
Potions
 j - 2 potions of curing
 l - a potion of might {unknown}
 m - a potion of heal wounds {unknown}


   Skills:
 * Level 2.3 Fighting
 + Level 2.2 Dodging
 + Level 2.0 Stealth
 * Level 5.2 Spellcasting


You couldn't memorise any spells.
You knew the following spells:

 Your Spells              Type           Power      Damage    Failure   Level
a - Foxfire               Conj/Fire      92%        2x1d8     1%          1
b - Conjure Flame         Conj/Fire      23%        6-21      4%          3
c - Inner Flame           Hex/Fire       23%        N/A       4%          3
d - Sticky Flame          Conj/Fire      23%        2d4       16%         4
e - Fireball              Conj/Fire      11%        3d7       38%         5
f - Sting                 Tmut/Pois      92%        1d7       1%          1
g - Searing Ray           Conj           46%        3d4       2%          2
h - Teleport Other        Tloc           23%        N/A       4%          3
Your spell library was empty.

Dungeon Overview and Level Annotations

Branches:
Dungeon (5/15)
 Temple: D:4-7

Altars:

Shops:
D:1 :   D:2 [

Annotations:
D:4 1 runed translucent door, Crazy Yiuf


Innate Abilities, Weirdness & Mutations

You are immune to sickness and miasma.
You are immune to poison.
Your flesh is very heat resistant. (rF++)
You are vulnerable to cold. (rC-)
You float through the air rather than walking.
You learn spells naturally, not from books.
Your magical power is your life essence.
You have superior vitality. (+4 HP)


Message History

The foxfire hits the necrophage.
The necrophage is lightly damaged.
The phantom barely misses you.
Casting: Foxfire (safe; 1% risk of failure)
Press: ? - help, Q - select action, (/) - cycle Dir - look around, f - activate You conjure some foxfire!
The foxfire hits the necrophage.
The necrophage is lightly damaged.
The foxfire hits the necrophage.
The necrophage is moderately damaged.
An ogre comes into view. It is wielding a +0 giant club.
The phantom hits you.
The phantom blinks!
You blink.
Casting: Foxfire (safe; 1% risk of failure)
Press: ? - help, Q - select action, (/) - cycle Dir - look around, f - activate You conjure some foxfire!
The foxfire hits the necrophage but does no damage.
The necrophage is moderately damaged.
The ogre hits you with a +0 giant club. The phantom barely misses you.
Casting: Foxfire (safe; 1% risk of failure)
Press: ? - help, Q - select action, (/) - cycle Dir - look around, f - activate
There is not enough space to conjure foxfire!
Unknown command.
Unknown command.
Casting: Foxfire (safe; 1% risk of failure)
Confirm with . or Enter, or press ? or * to list all spells.
The spell is quite dangerous to cast (16% risk of failure)!
Continue anyway?
Aiming: Sticky Flame (quite dangerous; 16% risk of failure)
Press: ? - help, Shift-Dir - straight line, f - ogre
Aim: an ogre, wielding a +0 giant club (100% to hit)
The sticky flame hits the ogre.
The ogre is lightly wounded.
The ogre is covered in liquid flames!
The ogre burns!
The phantom hits you! The ogre hits you with a +0 giant club!
* * * LOW HITPOINT WARNING * * *
Unknown command.
It was a potion of curing.
You feel better.
The ogre burns!
The phantom hits you!
* * * LOW HITPOINT WARNING * * *
The ogre hits you with a +0 giant club!!
You die...

#.# #.# #.# #
########### #.# .#
........§.#
#.####.#####
#########v#
#.##WO...... #§#
#.##@#
######.###.##v#
#..........##n# #
#.########.##.###.#
#.# #§##.... #.#
#.##..# #.# #.....#
#.# #####.# ##.##
.#


You could see a phantom (ally target), an ogre (burning) and a necrophage.

Vanquished Creatures
  A scorpion (D:5)
  A bullfrog zombie (D:5)
  2 centaur skeletons
  An orc wizard (D:4)
  Natasha (thrice) (D:2)
  A hound zombie (D:5)
  A howler monkey zombie (D:4)
  4 adders
  A worm (D:2)
  2 dart slugs (D:1)
  4 orcs (D:4)
  5 endoplasms
  4 giant cockroaches
  6 goblins
  7 hobgoblins
  12 jackals
  5 kobolds
  4 quokkas
  8 ball pythons
  4 bats
  3 frilled lizards (D:1)
  5 rats
84 creatures vanquished.

Vanquished Creatures (collateral kills)
  2 foxfires (D:1)
2 creatures vanquished.

Vanquished Creatures (others)
  494 foxfires
494 creatures vanquished.

Grand Total: 580 creatures vanquished

Notes
Turn   | Place    | Note
-------+----------+-------------------------------------------
     0 | D:1      | robertstho the Djinni Fire Elementalist began the quest for
                  | the Orb.
     0 | D:1      | Reached XP level 1. HP: 15/15 MP: 0/0
   711 | D:1      | Reached XP level 2. HP: 18/21 MP: 0/0
  1006 | D:1      | Found a faded altar of an unknown god.
  1232 | D:1      | Reached skill level 3 in Spellcasting
  1320 | D:1      | Reached XP level 3. HP: 24/26 MP: 0/0
  1320 | D:1      | Learned a level 1 spell: Sting
  1900 | D:1      | Found Jylogip's Book Shoppe.
  2525 | D:2      | Reached XP level 4. HP: 23/31 MP: 0/0
  2968 | D:2      | Noticed Natasha
  2973 | D:2      | Killed Natasha
  2974 | D:2      | Reached skill level 1 in Fighting
  2974 | D:2      | Reached XP level 5. HP: 32/37 MP: 0/0
  2974 | D:2      | Learned a level 2 spell: Searing Ray
  3313 | D:2      | Noticed Natasha
  3318 | D:2      | Killed Natasha
  3319 | D:2      | Reached skill level 4 in Spellcasting
  3322 | D:2      | Noticed Natasha
  3327 | D:2      | Killed Natasha
  3633 | D:2      | Found Rapnic's Armour Shoppe.
  5052 | D:4      | Reached XP level 6. HP: 34/43 MP: 0/0
  5171 | D:4      | Found a runed translucent door.
  5172 | D:4      | Noticed Crazy Yiuf
  5362 | D:5      | Entered Level 5 of the Dungeon
  5421 | D:5      | Reached skill level 5 in Spellcasting
  5457 | D:5      | Reached XP level 7. HP: 33/49 MP: 0/0
  5457 | D:5      | Learned a level 3 spell: Teleport Other
  5535 | D:5      | Mangled by an ogre

Illustrated notes

Levels and vault maps discovered:
D:1:      nzn_arrival_crosshair, layout_loops_cross, serial_shops, shop,
          shapermc_ecumenical_altar_ellora
D:2:      layout_basic, serial_shops, shop, uniq_natasha
D:3:      layout_loops_ring
D:4:      layout_cave_pools, chei_slow_surprise, uniq_crazy_yiuf_cottage
D:5:      layout_loops_ring, minmay_temple_entry_grid, uniq_blork_the_orc

Skill      XL: |  1  2  3  4  5  6 |
---------------+-------------------+-----
Spellcasting   | 3 4 5 |  5.2
Fighting       | 1 2 |  2.3
Stealth        | 2 |  2.0
Dodging        | |  2.2

Action                   |  1- 3 |  4- 6 |  7- 9 || total
-------------------------+-------+-------+-------++-------
Melee: Unarmed           |     1 |       |       ||     1
       Dagger            |       |       |     2 ||     2
 Cast: Foxfire           |   123 |   182 |    15 ||   320
       Sticky Flame      |       |       |     1 ||     1
  Use: Potion            |       |       |     1 ||     1
Armor: Robe              |     2 |     6 |     3 ||    11
Dodge: Dodged            |    18 |    17 |     8 ||    43

Table legend: (Time is in decaauts)
 A = Elapsed time spent in this place.
 B = Non-inter-level travel time spent in this place.
 C = Inter-level travel time spent in this place.
 D = Time resting spent in this place.
 E = Time spent auto-exploring this place.
 F = Levels seen in this place.
 G = Mean time per level.
                   A        B        C        D        E       F      G
               +--------+--------+--------+--------+--------+-----+--------+
         Total |   5542 |   5426 |    116 |      0 |   4805 |   5 | 1108.4 |
       Dungeon |   5542 |   5426 |    116 |      0 |   4805 |   5 | 1108.4 |
               +--------+--------+--------+--------+--------+-----+--------+

Top non-repeatable levels by time:
     D:1: 2262 daAuts
     D:2: 1877 daAuts
     D:3: 911 daAuts
     D:4: 318 daAuts
     D:5: 172 daAuts
